 Dungeon Crawl Stone Soup version 0.30-a0-723-gc1506a1cf0 (webtiles) character file.

Game seed: 8777693940343504157

87 karrick the Covered (level 4, -12/29 HPs)
             Began as a Gargoyle Fighter on Jan 29, 2023.
             Mangled by an ogre
             ... wielding a +0 giant spiked club
              (15 damage)
             ... on level 3 of the Dungeon.
             The game lasted 00:02:31 (1776 turns).

karrick the Covered (Gargoyle Fighter)              Turns: 1776, Time: 00:02:32

Health: -12/29     AC: 11    Str: 20    XL:     4   Next: 51%
Magic:  4/4        EV:  9    Int:  8    God:
Gold:   101        SH:  4    Dex: 11    Spells: 3/3 levels left

rFire   . . .      SeeInvis .    a - +0 war axe
rCold   . . .      Faith    .    c - +0 buckler
rNeg    + . .      Spirit   .    b - +0 scale mail
rPois   ∞          Reflect  .    f - +0 helmet
rElec   +          Harm     .    (no cloak)
rCorr   .          Rampage  .    (no gloves)
Will    .....                    (no boots) Stlth
                                 (no amulet)
HPRegen 0.24/turn                (no ring)
MPRegen 0.09/turn                (no ring)

@: no status effects
A: sickness immunity, AC +3, negative energy resistance 1, electricity
resistance, torment resistance 1, petrification resistance
a: no special abilities


You were on level 3 of the Dungeon.
You visited 1 branch of the dungeon, and saw 3 of its levels.

You collected 101 gold pieces.

Inventory:

Hand Weapons
 a - a +0 war axe (weapon)
Missiles
 k - 5 boomerangs (quivered)
Armour
 b - a +0 scale mail (worn)
 c - a +0 buckler (worn)
 f - a +0 helmet (worn)
Jewellery
 h - a ring of magical power
 n - a ring of magical power
Scrolls
 e - a scroll of amnesia {unknown}
 g - 5 scrolls of identify {unknown}
 i - a scroll of brand weapon {unknown}
 l - 2 scrolls of immolation {unknown}
Potions
 d - 2 potions of might
 j - a potion of heal wounds {unknown}
 m - a potion of lignification {unknown}
 o - a potion of haste {unknown}


   Skills:
 + Level 3.8 Fighting
 + Level 2.9 Axes
 + Level 3.8 Armour
 + Level 0.8 Stealth
 + Level 3.7 Shields


You had 3 spell levels left.
You didn't know any spells.
Your spell library contained the following spells:

 Spells                   Type           Power      Damage    Failure   Level
 Scorch                   Fire           0%         2d5       94%         2
 Flame Wave               Conj/Fire      0%         2d4       100%        4
 Summon Cactus Giant      Summ           0%         N/A       100%        6


Dungeon Overview and Level Annotations

Branches:
Dungeon (3/15)

Altars:
Fedhas


Innate Abilities, Weirdness & Mutations

You are immune to sickness and miasma.
Your stone body is resilient. (AC +3)
You are immune to poison.
You resist negative energy. (rN+)
You are resistant to electric shocks. (rElec)
You are resistant to unholy torment.
You are immune to petrification.


Message History

n - a ring of magical power You open the door.
Found a stone staircase leading up.
There is an open door here.
You open the door.
A ball python comes into view.
The ball python hisses angrily.
A ball python is nearby!
A ball python is nearby!
A ball python is nearby!
You slash the ball python!
You kill the ball python!
No target in view!
No target in view!
No target in view!
No target in view!
No target in view!
No target in view!
No target in view!
No target in view!
No target in view!
No target in view!
No target in view!
No target in view!
There is an open door here.
o - a glowing green potion You now have 101 gold pieces (gained 9).
Found a blossoming altar of Fedhas.
An ogre comes into view. It is wielding a +0 giant spiked club.
Found a ring mail.
The ogre shouts!
An ogre is nearby!
The ogre hits you with a +0 giant spiked club!!
Ouch! That really hurt!
* * * LOW HITPOINT WARNING * * *
You hit the ogre.
The ogre is lightly wounded.
The ogre hits you with a +0 giant spiked club!
Ouch! That really hurt!
You die...

#.......###
##........#
#.######.#
#.######.#
####.##........#
...........###.#
.....##.##.###.###
##...#.##.......#
#....O@.......#.#
##...#.####......
#.. #.# .###### #.
#.. ..#..$..# ..
### #.$.. ## #.._$
...[


You could see an ogre.

Vanquished Creatures
  3 adders
  A dart slug (D:2)
  9 bats
  6 endoplasms
  2 giant cockroaches
  4 goblins
  2 hobgoblins
  3 jackals (D:1)
  8 kobolds
  A quokka (D:2)
  4 ball pythons
  4 frilled lizards
  8 rats
55 creatures vanquished.

Notes
Turn   | Place    | Note
-------+----------+-------------------------------------------
     0 | D:1      | karrick the Gargoyle Fighter began the quest for the Orb.
     0 | D:1      | Reached XP level 1. HP: 14/14 MP: 1/1
   273 | D:1      | Reached XP level 2. HP: 17/19 MP: 2/2
   479 | D:1      | Reached XP level 3. HP: 19/23 MP: 3/3
  1235 | D:2      | Reached XP level 4. HP: 29/29 MP: 4/4
  1771 | D:3      | Found a blossoming altar of Fedhas.
  1772 | D:3      | Noticed an ogre
  1776 | D:3      | Mangled by an ogre

Illustrated notes

Levels and vault maps discovered:
D:1:      minmay_arrival_stair_chambers, layout_basic, serial_corexii_hall,
          corexii_hall_statues_l, corexii_hall_statues_u
D:2:      minmay_wonky_spiral, layout_loops_cross, minmay_misc_feat_tiny,
          nicolae_titane
D:3:      minmay_octagon_keep, layout_loops_corners, amcnicky_altar_gilded,
          uniq_jessica

Skill      XL: |  1  2 |
---------------+-------+-----
Axes           | 2 |  2.9
Fighting       | |  3.8
Armour         | |  3.8
Stealth        | |  0.8
Shields        | |  3.7

Action                     |  1- 3 |  4- 6 || total
---------------------------+-------+-------++-------
  Melee: War axe           |   116 |    56 ||   172
 Armour: Scale mail        |    90 |    29 ||   119
  Dodge: Dodged            |    77 |    30 ||   107
  Block: Buckler           |    34 |    16 ||    50

Table legend: (Time is in decaauts)
 A = Elapsed time spent in this place.
 B = Non-inter-level travel time spent in this place.
 C = Inter-level travel time spent in this place.
 D = Time resting spent in this place.
 E = Time spent auto-exploring this place.
 F = Levels seen in this place.
 G = Mean time per level.
                   A        B        C        D        E       F      G
               +--------+--------+--------+--------+--------+-----+--------+
         Total |   1848 |   1786 |     62 |      0 |   1387 |   3 |  616.0 |
       Dungeon |   1848 |   1786 |     62 |      0 |   1387 |   3 |  616.0 |
               +--------+--------+--------+--------+--------+-----+--------+

Top non-repeatable levels by time:
     D:1: 897 daAuts
     D:2: 817 daAuts
     D:3: 134 daAuts
